 Dungeon Sprint DCSS version 0.20.1-1-g8b1a95d (webtiles) character file.

7310 Kingsmith the Protected (level 10, -6/97 HPs)
             Began as a Demigod Fighter on Dec 12, 2017.
             Killed by drain life
             ... invoked by a soul eater
             ... summoned by an orc high priest
              (8 damage)
             ... in the Dungeon (Sprint IX: "|||||||||||||||||||||||||||||").
             The game lasted 00:04:36 (2224 turns).

Kingsmith the Protected (Demigod Fighter)           Turns: 2224, Time: 00:04:37

Health: -6/97      AC: 20    Str: 28    XL:     10   Next: 59%
Magic:  13/13      EV: 14    Int: 12    God:
Gold:   1160       SH: 13    Dex: 15    Spells: 9/9 levels left

rFire    . . .     SeeInvis .   p - +2 scimitar (holy)
rCold    . . .     Gourm    .   c - +0 shield
rNeg     . . .     Faith    .   z - +0 plate armour
rPois    .         Spirit   .   q - +0 helmet
rElec    .         Reflect  .   y - +0 cloak
rCorr    .         Harm     .   (no gloves)
MR       +....     NoTele   +   x - +0 pair of boots
Stlth    ..........             (no amulet)
Regen    0.3/turn               s - +3 ring of strength
MPRegen  0.2/turn               t - +2 ring of evasion

@: no status effects
A: high mp 1
a: no special abilities


You were in the Dungeon.
You were not hungry.

You visited 1 branch You collected 1160 gold pieces.

Inventory:

Hand Weapons
 p - a +2 scimitar of holy wrath (weapon)
Armour
 c - a +0 shield (worn)
 q - a +0 helmet (worn)
 x - a +0 pair of boots (worn)
 y - a +0 cloak (worn)
 z - a +0 plate armour (worn)
Jewellery
 s - a +3 ring of strength (left hand)
 t - a +2 ring of evasion (right hand)
Wands
 o - a wand of acid (7/15)
Scrolls
 b - a scroll of recharging
 f - 3 scrolls of fog
 g - 2 scrolls of fear
 k - 2 scrolls of blinking
 l - 2 scrolls of enchant weapon
 m - 4 scrolls of remove curse
 n - 2 scrolls of amnesia
Potions
 d - 3 potions of might
 e - 4 potions of curing
 h - 2 potions of haste
 i - 4 potions of magic
 u - a potion of mutation
Comestibles
 a - 13 bread rations
 v - 40 fruits
 w - 12 meat rations


   Skills:
 * Level 11.6 Fighting
 * Level 11.6 Long Blades
 * Level 11.9 Armour
 + Level 8.3 Dodging
 * Level 11.8 Shields


You had 9 spell levels left.
You didn't know any spells.

Dungeon Overview and Level Annotations

Branches:
Dungeon (1/1)

Shops:
D %


Innate Abilities, Weirdness & Mutations

You have an increased reservoir of magic. (+10% MP)


Message History

The hellwing disappears in a puff of smoke!
The rust devil disappears in a puff of smoke!
You closely miss the orc high priest. You block the orc high priest's attack.
You slash the orc high priest!
The orc high priest is moderately wounded.
The orc high priest hits you but does no damage.
You hit the orc high priest.
The orc high priest is moderately wounded.
The orc high priest hits you from afar with a glaive!
* * * LOW HITPOINT WARNING * * *
The orc high priest utters an invocation to Beogh.
You hit the orc high priest.
The orc high priest is moderately wounded.
The orc high priest closely misses you.
The orc high priest hits you but does no damage.
You closely miss the orc high priest.
The orc high priest is moderately wounded.
The orc high priest no longer looks unusually strong.
The soul eater draws from the surrounding life force!
You die...

_____________.____'.)|)..[..)....
▓▓▓▓▓▓▓▓▓▓▓▓▓▓▓▓▓▓▓▓▓▓▓▓▓▓▓▓▓▓▓▓▓
.................................
▓▓▓▓▓▓▓▓▓▓▓▓▓▓▓▓▓▓▓▓▓▓▓▓▓▓▓▓▓▓▓▓▓
........'.........'÷÷........["'.
▓▓▓▓▓▓▓▓▓▓▓▓▓▓▓▓▓▓▓▓▓▓▓▓▓▓▓▓▓▓▓▓▓
..........................)......
▓▓▓▓▓▓▓▓▓▓▓▓▓▓▓▓▓▓▓▓▓▓▓▓▓▓▓▓▓▓▓▓▓
....))()[))....3@oooo$o∩
▓▓▓▓▓▓▓▓▓▓▓▓▓▓▓▓▓▓▓▓▓▓▓▓


You could see 2 orc knights, a soul eater and 3 orc high priests.

Vanquished Creatures
  An orc high priest (D)
  A black mamba (D)
  4 spiny frogs (D)
  6 polar bears (D)
  A hippogriff (D)
  A wyvern (D)
  3 yaks (D)
  Grum (D)
  Eustachio (D)
  A hungry ghost (D)
  2 water moccasins (D)
  3 porcupines (D)
  10 orc warriors (D)
  A sky beast (D)
  An ice beast (D)
  3 black bears (D)
  A necrophage (D)
  4 wolves (D)
  A crocodile (D)
  5 bullfrogs (D)
  2 orc priests (D)
  5 orc wizards (D)
  An adder (D)
  A shadow imp (D)
  11 orcs (D)
  2 bat zombies (D)
  A giant cockroach (D)
  A hobgoblin (D)
  2 kobolds (D)
  A leopard gecko skeleton (D)
  2 rats (D)
80 creatures vanquished.

Notes
Turn   | Place    | Note
-------+----------+-------------------------------------------
     0 | D        | Kingsmith the Demigod Fighter began the quest for the Orb.
     0 | D        | Reached XP level 1. HP: 18/18 MP: 3/3
    88 | D        | Noticed an ice beast
    97 | D        | Killed an ice beast
    97 | D        | Reached XP level 2. HP: 25/28 MP: 4/4
    97 | D        | Reached XP level 3. HP: 30/34 MP: 5/5
    97 | D        | Reached XP level 4. HP: 36/41 MP: 6/6
   136 | D        | Found a roughly hewn altar of Beogh.
   136 | D        | Found a snail-covered altar of Cheibriados.
   136 | D        | Found a shadowy altar of Dithmenos.
   136 | D        | Found a white marble altar of Elyvilon.
   136 | D        | Found a blossoming altar of Fedhas.
   136 | D        | Found an opulent altar of Gozag.
   137 | D        | Found a hazy altar of Hepliaklqana.
   138 | D        | Found a viscous altar of Jiyva.
   139 | D        | Found an ancient bone altar of Kikubaaqudgha.
   140 | D        | Found a corrupted altar of Lugonu.
   141 | D        | Found a burning altar of Makhleb.
   142 | D        | Found a sparkling altar of Nemelex Xobeh.
   143 | D        | Found an iron altar of Okawaru.
   144 | D        | Found a stormy altar of Qazlal.
   145 | D        | Found a sacrificial altar of Ru.
   146 | D        | Found a deep blue altar of Sif Muna.
   147 | D        | Found a bloodstained altar of Trog.
   148 | D        | Found a hide-covered altar of Uskayaw.
   149 | D        | Found a radiant altar of Vehumet.
   151 | D        | Found a shimmering altar of Xom.
   152 | D        | Found a basalt altar of Yredelemnul.
   153 | D        | Found a glowing silver altar of Zin.
   154 | D        | Found a glowing golden altar of the Shining One.
   278 | D        | Noticed a sky beast
   278 | D        | Noticed a hippogriff
   278 | D        | Noticed a bullfrog
   278 | D        | Noticed a wyvern
   293 | D        | Killed a sky beast
   293 | D        | Reached skill level 5 in Fighting
   293 | D        | Reached skill level 5 in Long Blades
   293 | D        | Reached skill level 5 in Armour
   293 | D        | Reached skill level 5 in Shields
   293 | D        | Reached XP level 5. HP: 14/48 MP: 7/7
   306 | D        | Killed a hippogriff
   306 | D        | Reached XP level 6. HP: 48/58 MP: 8/8
   320 | D        | Killed a wyvern
   420 | D        | Noticed a hungry ghost
   423 | D        | Reached XP level 7. HP: 66/66 MP: 9/9
   439 | D        | Killed a hungry ghost
   444 | D        | Paralysed by fainting for 11 turns
   464 | D        | Reached skill level 5 in Dodging
   687 | D        | Noticed a spiny frog
   687 | D        | Noticed a spiny frog
   687 | D        | Noticed a yak
   687 | D        | Noticed a spiny frog
   699 | D        | Killed a spiny frog
   699 | D        | Reached XP level 8. HP: 64/73 MP: 10/10
   703 | D        | Killed a spiny frog
   720 | D        | Killed a spiny frog
   736 | D        | Reached XP level 9. HP: 75/84 MP: 11/11
   782 | D        | Noticed a spiny frog
   789 | D        | Killed a spiny frog
   789 | D        | Reached skill level 10 in Armour
   789 | D        | Reached skill level 10 in Shields
   800 | D        | Reached skill level 10 in Fighting
   806 | D        | Reached skill level 10 in Long Blades
  1066 | D        | Noticed a black mamba
  1075 | D        | Killed a black mamba
  1117 | D        | Reached XP level 10. HP: 24/94 MP: 13/13
  1672 | D        | Noticed Grum
  1693 | D        | Killed Grum
  1785 | D        | Noticed Eustachio
  1795 | D        | Killed Eustachio
  2206 | D        | Found Cyip's Food Emporium.
  2206 | D        | Noticed an orc high priest
  2206 | D        | Noticed an orc high priest
  2206 | D        | Noticed an orc high priest
  2206 | D        | Noticed an orc knight
  2206 | D        | Noticed an orc knight
  2209 | D        | Noticed an orc high priest
  2210 | D        | Noticed a rust devil
  2219 | D        | Killed an orc high priest
  2222 | D        | HP: 2/97 [orc high priest/glaive (14)]
  2223 | D        | Noticed a soul eater
  2224 | D        | Killed from afar by a soul eater

Skill      XL: |  1  2  3  4  5  6  7  8  9 10 |
---------------+-------------------------------+-----
Long Blades    | 4 5 6 8 9 10 11 | 11.6
Armour         | 4 5 6 7 8 9 11 | 11.9
Shields        | 4 5 6 7 8 9 11 | 11.8
Fighting       | 4 5 6 7 8 9 10 11 | 11.6
Dodging        | 2 3 4 5 6 7 8 |  8.3

Action                   |  1- 3 |  4- 6 |  7- 9 | 10-12 || total
-------------------------+-------+-------+-------+-------++-------
Melee: Long sword        |    13 |     7 |       |       ||    20
       Scimitar          |       |    43 |   148 |   177 ||   368
  Use: Potion            |     2 |     2 |     3 |       ||     7
 Stab: Invisible         |       |       |     4 |     1 ||     5
  Eat: Chunk             |       |     1 |     1 |     3 ||     5
       Bread ration      |       |       |     1 |       ||     1
Armor: Scale mail        |     8 |    25 |    41 |    29 ||   103
       Plate armour      |       |       |       |     5 ||     5
Dodge: Dodged            |     3 |    19 |    68 |    68 ||   158
Block: Shield            |     6 |    29 |    77 |    93 ||   205
       Rpst.: Long sword |     1 |       |       |       ||     1
       Scimitar          |       |     2 |    18 |    17 ||    37
